 Dungeon Crawl Stone Soup version 0.29.1-15-g9cfb28693d (webtiles) character file.

Game seed: 17208131925765164268

761 protoss039 the Digger (level 7, 55/55 HPs)
             Began as a Demonspawn Earth Elementalist on Mar 12, 2023.
             Was an Initiate of Vehumet.
             Got out of the dungeon alive.
             The game lasted 00:04:05 (4874 turns).

protoss039 the Digger (DsEE)                        Turns: 4874, Time: 00:04:06

Health: 55/55      AC:  8    Str:  8    XL:     7   Next: 51%
Magic:  23/23      EV: 10    Int: 19    God:    Vehumet [......]
Gold:   226        SH:  5    Dex: 13    Spells: 9/15 levels left

rFire   . . .      SeeInvis .   a - +0 dagger
rCold   . . .      Faith    .   (no shield)
rNeg    . . .      Spirit   .   g - +0 ring mail
rPois   .          Reflect  +   (no helmet)
rElec   .          Harm     .   e - +0 cloak
rCorr   .          Rampage  .   (no gloves)
Will    .....                   (no boots)
Stlth   +.........              o - amulet of reflection
HPRegen 0.18/turn               q - ring of magical power
MPRegen 0.36/turn               (no ring)

@: no status effects
A: molten scales 1, spiny 1, magic regeneration, weakness stinger 1
a: Renounce Religion


You escaped.
You worshipped Vehumet.
Vehumet was noncommittal.
You visited 1 branch of the dungeon, and saw 5 of its levels.

You collected 226 gold pieces.

Inventory:

Hand Weapons
 a - a +0 dagger (weapon)
Armour
 e - a +0 cloak (worn)
 g - a +0 ring mail (worn)
Jewellery
 o - an amulet of reflection (around neck)
 q - a ring of magical power (left hand)
Scrolls
 c - 2 scrolls of teleportation {unknown}
 d - a scroll of enchant weapon {unknown}
 f - 2 scrolls of noise {unknown}
 h - a scroll of poison {unknown}
 i - a scroll of magic mapping {unknown}
 l - a scroll of summoning {unknown}
 n - a scroll of amnesia {unknown}
 p - 2 scrolls of torment {unknown}
 r - a scroll of immolation {unknown}
 s - 2 scrolls of identify {unknown}
Potions
 b - a potion of magic
 j - 2 potions of mutation {unknown}
 k - a potion of resistance {unknown}
 m - 2 potions of curing
 t - a potion of flight {unknown}


   Skills:
 + Level 4.6 Fighting
 - Level 1.7 Dodging
 - Level 1.7 Stealth
 + Level 4.8 Spellcasting
 - Level 0.8 Transmutations
 + Level 5.1 Earth Magic


You had 9 spell levels left.
You knew the following spells:

 Your Spells              Type           Power      Damage    Failure   Level
a - Sandblast             Erth           48%        2d12      4%          1
b - Passwall              Tmut/Erth      13%        N/A       17%         2
c - Stone Arrow           Conj/Erth      28%        3d8       38%         3

Your spell library contained the following spells:

 Spells                   Type           Power      Damage    Failure   Level
 Beastly Appendage        Tmut           14%        N/A       28%         1
 Apportation              Tloc           8%         N/A       36%         1
 Necrotise                Necr           16%        1d4       36%         1
 Summon Small Mammal      Summ           16%        N/A       36%         1
 Wereblood                Tmut           7%         N/A       38%         2
 Spider Form              Tmut/Pois      6%         N/A       69%         3
 Call Canine Familiar     Summ           4%         N/A       75%         3
 Summon Guardian Golem    Hex/Summ       4%         N/A       75%         3
 Petrify                  Tmut/Erth      16%        N/A       75%         4


Dungeon Overview and Level Annotations

Branches:
Dungeon (5/15) Zot: 25059
 Temple: D:4-7

Altars:
Vehumet

Shops:
D:4 *


Innate Abilities, Weirdness & Mutations

You are partially covered in molten scales. (AC +2)
You are partially covered in sharp spines.
You regenerate magic rapidly.
You have a small tail.


Message History

Casting: Sandblast (safe; 4% risk of failure)
Confirm with . or Enter, or press ? or * to list all spells.
Aiming: Sandblast (safe; 4% risk of failure)
Press: ? - help, Shift-Dir - straight line, f/p - centaur
Aim: a centaur (severely wounded, 90% to hit)
The blast of sand misses the centaur.
The centaur is struck by your spines. The centaur barely misses you.
The centaur kicks you but does no damage.
The centaur is struck by your spines.
You kill the centaur!
Vehumet accepts your kill.
Unknown command.
You start resting.
Magic restored.
You start resting.
HP restored.
Things that are here:
a +0 shortbow; a centaur skeleton
There is a stone staircase leading up here.
You climb upwards.
There is a stone staircase leading down here.
(D) Dungeon
Where to? (Enter - D:5 @ (x,y), ? - help)
What level of the Dungeon? (default 1, ? - help)
There is an open door here.
There is an open door here.
There is a stone staircase leading up here.
You climb upwards.
There is a stone staircase leading down here.
You open the door.
There is an open door here.
There is a stone staircase leading up here.
You climb upwards.
There is a stone staircase leading down here.
There is a stone staircase leading up here.
You climb upwards.
There is a stone staircase leading down here.
There is a staircase leading out of the dungeon here.
Are you sure you want to leave the Dungeon?
This will make you lose the game!
You have escaped!

##########
≈≈≈≈≈≈≈≈≈≈≈≈≈≈≈≈#
#≈≈≈≈≈≈≈≈~~~≈≈≈~~#
#≈≈≈≈≈≈~≈~.~.~..~#
#≈≈≈≈≈~~~~~...~~~#
#≈≈≈≈~≈.~.......8#
#≈≈≈~≈.~~~......##
#≈≈~≈...........#
#≈≈≈~~~.@.......##
#≈~~~~~......8...#
#≈≈~~~...........########
#≈≈~~~.....8.....##....#.
#≈~~~.............#......
#≈≈~..............#......
#≈~~~....................
#≈~~~.......8............
#≈~~~.###................


There were no monsters in sight!

Vanquished Creatures
  Sigmund (D:4)
  A water moccasin (D:5)
  A centaur (D:5)
  2 scorpions (D:5)
  A hound (D:5)
  2 jellies (D:5)
  An iguana (D:5)
  An orc wizard (D:3)
  4 gnolls (D:4)
  3 adders
  A worm (D:4)
  3 dart slugs
  7 orcs
  8 ball pythons
  3 endoplasms
  2 giant cockroaches
  10 goblins
  3 hobgoblins
  8 jackals
  2 kobolds
  3 quokkas (D:2)
  2 bats
  3 frilled lizards
  8 rats
80 creatures vanquished.

Vanquished Creatures (others)
  A fungus (D:2)
1 creature vanquished.

Grand Total: 81 creatures vanquished

Notes
Turn   | Place    | Note
-------+----------+-------------------------------------------
     0 | D:1      | protoss039 the Demonspawn Earth Elementalist began the
                  | quest for the Orb.
     0 | D:1      | Reached XP level 1. HP: 13/13 MP: 3/3
   338 | D:1      | Gained mutation: You have a small tail. [demonic ancestry]
   338 | D:1      | Reached XP level 2. HP: 19/20 MP: 5/5
   379 | D:1      | Reached skill level 1 in Fighting
   484 | D:1      | Reached skill level 3 in Earth Magic
  1270 | D:1      | Learned a level 2 spell: Passwall
  1275 | D:2      | Gained mutation: You are partially covered in molten
                  | scales. (AC +2) [demonic ancestry]
  1275 | D:2      | Reached XP level 3. HP: 26/26 MP: 4/6
  1332 | D:2      | Found a faded altar of an unknown god.
  2279 | D:3      | Reached XP level 4. HP: 33/33 MP: 6/8
  3283 | D:4      | Found a radiant altar of Vehumet.
  3292 | D:4      | Became a worshipper of Vehumet
  3697 | D:4      | Noticed Sigmund
  3713 | D:4      | Killed Sigmund
  3714 | D:4      | Reached skill level 4 in Earth Magic
  3714 | D:4      | Gained mutation: You are partially covered in sharp spines.
                  | [demonic ancestry]
  3714 | D:4      | Reached XP level 5. HP: 25/41 MP: 6/10
  3714 | D:4      | Reached XP level 6. HP: 29/47 MP: 6/11
  3870 | D:4      | Found Totocs's Assorted Antiques.
  4412 | D:4      | Learned a level 3 spell: Stone Arrow
  4413 | D:5      | Entered Level 5 of the Dungeon
  4462 | D:5      | Noticed a water moccasin
  4465 | D:5      | Killed a water moccasin
  4492 | D:5      | Gained mutation: You regenerate magic rapidly. [demonic
                  | ancestry]
  4492 | D:5      | Reached XP level 7. HP: 35/54 MP: 13/13
  4499 | D:5      | Reached skill level 5 in Earth Magic
  4499 | D:5      | HP: 2/55 [poisoned by a scorpion]
  4874 | D:$      | Got out of the dungeon alive.

Illustrated notes

Levels and vault maps discovered:
D:1:      nicolae_arrival_washed_ashore, layout_rooms
D:2:      layout_loops_ring, shapermc_ecumenical_altar_gd,
          ebering_dispersal_statue_hall
D:3:      layout_basic
D:4:      layout_loops_corners, nicolae_vehumet_radiance, serial_shops,
          nicolae_shop_stone, uniq_sigmund
D:5:      layout_basic, nicolae_ru_sacrificial_ziggurat,
          gammafunk_ghost_mausoleum, corexii_checkpoint_a, minmay_ruined_shrine

Skill      XL: |  1  2  3  4  5  6  7 |
---------------+----------------------+-----
Fighting       | 1 3 4 |  4.6
Earth Magic    | 3 4 5 |  5.1
Spellcasting   | 3 4 |  4.8
Dodging        | |  1.7
Stealth        | |  1.7
Transmutations | |  0.8

Action                   |  1- 3 |  4- 6 |  7- 9 || total
-------------------------+-------+-------+-------++-------
Melee: Club              |    29 |       |       ||    29
       Unarmed           |     1 |       |       ||     1
       Dagger            |    73 |    23 |       ||    96
       Tailslap          |    10 |     6 |       ||    16
 Cast: Sandblast         |    46 |    63 |     6 ||   115
Armor: Robe              |     2 |       |       ||     2
       Ring mail         |    81 |    18 |     2 ||   101
Dodge: Dodged            |   112 |    31 |     7 ||   150
Block: Other             |     1 |    14 |     4 ||    19
       Reflection        |       |     1 |     1 ||     2
